 Dungeon Crawl Stone Soup version 0.31-a0-1405-g2bb1a01664 (webtiles) character file.

Game seed: 3744202080085532439

3054 BigPumpCobain the Mimic (level 9, -2/75 HPs)
             Began as a Merfolk Shapeshifter on Dec 25, 2023.
             Was an Initiate of Gozag.
             Splashed by a jelly's acid (9 damage)
             ... on level 7 of the Dungeon.
             The game lasted 00:11:25 (5088 turns).

BigPumpCobain the Mimic (Merfolk Shapeshifter)      Turns: 5088, Time: 00:11:25

Health: -2/75      AC: -13   Str: 19    XL:     9   Next: 87%
Magic:  9/9        EV:  8    Int:  9    God:    Gozag
Gold:   328        SH:  0    Dex: 13    Spells: 8/8 levels left

rFire   . .          .
                       - Unarmed
rCold   + . .        (no shield)
rNeg    . . .        b - +1 storm dragon scales
rPois   .            (helmet currently unavailable)
rElec   +            (cloak currently unavailable)
rCorr   .            (gloves currently unavailable)
SInv    .            (boots currently unavailable)
Will    .....        g - amulet of regeneration Stlth
                     e - ring of protection from cold
HPRegen 1.12/turn    (no ring)
MPRegen 0.11/turn

%: no passive effects
@: beast-form, corroded
A: beast (slay +4), (nimble swimmer 2), mertail
a: Begin Untransformation, Renounce Religion, Potion Petition, Call Merchant,
Bribe Branch


You were on level 7 of the Dungeon.
You worshipped Gozag.
Gozag was aware of your devotion.
You were a hulking beast.
You visited 2 branches of the dungeon, and saw 8 of its levels.

You collected 439 gold pieces.
You paid 111 gold pieces to Gozag.

Inventory:

Armour
 b - +1 storm dragon scales (worn)
 m - a +1 pair of gloves
Jewellery
 e - a ring of protection from cold (left hand)
 g - an amulet of regeneration (around neck)
Talismans
 c - a beast talisman
 d - a flux talisman
 z - a blade talisman
Wands
 t - a wand of flame (13)
Scrolls
 h - a scroll of vulnerability {unknown}
 i - 5 scrolls of teleportation
 j - a scroll of fear {unknown}
 l - 2 scrolls of poison
 o - a scroll of fog {unknown}
 p - a scroll of enchant weapon
 s - a scroll of enchant armour
 w - a scroll of torment {unknown}
 x - a scroll of blinking {unknown}
 y - a scroll of identify {unknown}
Potions
 a - a potion of resistance {unknown}
 f - 2 potions of brilliance
 k - a potion of mutation {unknown}
 n - 2 potions of curing
 q - a potion of haste {unknown}
 r - a potion of experience {unknown}
 u - 2 potions of heal wounds {unknown}
 v - a potion of magic {unknown}


   Skills:
 + Level 8.7 Fighting
 - Level 2.6 Dodging
 + Level 9.1 Unarmed Combat
 + Level 10.0 Shapeshifting


You had 8 spell levels left.
You didn't know any spells.
Your spell library contained the following spells:

 Spells                   Type           Power      Damage    Failure   Level
 Magic Dart               Conj           0%         1d3       99%         1
 Blink                    Tloc           0%         N/A       100%        2
 Call Imp                 Summ           0%         N/A       100%        2
 Sublimation of Blood     Necr           0%         N/A       100%        2
 Summon Hydra             Summ           0%         N/A       100%        7


Dungeon Overview and Level Annotations

Branches:
Dungeon (7/15)             Temple (1/1) D:7

Altars:
Ashenzari
Cheibriados
Dithmenos
Elyvilon
Fedhas
Gozag
Hepliaklqana
Kikubaaqudgha
Nemelex Xobeh
Okawaru
Qazlal
Ru
Sif Muna
Trog
Vehumet
Wu Jian
Xom
Yredelemnul
Zin
The Shining One

Shops:
D:7 (


Innate Abilities, Weirdness & Mutations

You are a hulking beast.
Your limbs bulge with bestial killing power. (Slay +4)
((You are very nimble when in or above water. (Stealth+, EV+, Speed+++)))
Your lower body shifts to a powerful aquatic tail in water.


Message History

A jelly comes into view.
The jelly quivers.
A jelly is nearby!
The jelly hits you.
You are splashed with acid!
You hit the jelly.
Your hands burn!
The jelly is lightly wounded.
The jelly closely misses you.
You hit the jelly but do no damage.
Your hands burn!
The jelly is lightly wounded.
The jelly hits you. The acid corrodes you!
You are splashed with acid!
You hit the jelly.
Your hands burn!
The jelly is lightly wounded.
The jelly hits you. The acid corrodes you!
You are splashed with acid!
You hit the jelly but do no damage.
Your hands burn!
The jelly is lightly wounded.
The jelly hits you.
You are splashed with acid!
You are too injured to fight recklessly!
You are too injured to fight recklessly!
You are too injured to fight recklessly!
You are too injured to fight recklessly!
You are too injured to fight recklessly!
A jelly is nearby!
You hit the jelly.
Your hands burn!
You punch the jelly.
The jelly is heavily wounded.
You hit the jelly but do no damage.
Your hands burn!
The jelly is heavily wounded.
The jelly hits you. The acid corrodes you!
You are splashed with acid!
* * * LOW HITPOINT WARNING * * *
You hit the jelly. The acid corrodes you!
Your hands burn!
* * * LOW HITPOINT WARNING * * *
The jelly is heavily wounded.
The jelly closely misses you.
You hit the jelly but do no damage.
Your hands burn!
* * * LOW HITPOINT WARNING * * *
The jelly is heavily wounded.
The jelly hits you.
* * * LOW HITPOINT WARNING * * *
You are splashed with acid!
You die...
Your body crumbles into a pile of gold.

..# #......###########......#
###############............######
..#.....#.....#............#
..#.....#..................#
..#...........#............#
.###....##....#............#
.#####.#####################
........................
................hJ......
........................
........................
....................P.~.
...................~.~.P
........##...####.P~~.~.
#######'##...# ...~~~~
.........#...# ....~.≈≈P~...#
.........'...# ...P~~≈~~~...#


You could see a jelly.

Vanquished Creatures
  A hornet (D:7)
  Sigmund (D:2)
  A yak (D:6)
  Eustachio (D:6)
  A water moccasin (D:6)
  Pargi (D:4)
  4 ice beasts
  2 sky beasts (D:7)
  2 orc warriors (D:7)
  A black bear (D:5)
  A phantom (D:5)
  2 kobold brigands
  A bullfrog (D:6)
  4 scorpions
  An electric eel (D:7)
  A bombardier beetle (D:5)
  5 hounds
  5 orc priests
  4 jellies
  A sleepcap (D:4)
  Jessica (D:2)
  3 orc wizards
  4 iguanas
  Robin (D:2)
  4 adders
  3 white imps
  A worm (D:2)
  3 dart slugs
  22 orcs
  6 bats
  4 endoplasms
  A giant cockroach (D:1)
  11 goblins
  6 hobgoblins
  15 kobolds
  2 ball pythons
  4 frilled lizards (D:1)
  6 rats
137 creatures vanquished.

Notes
Turn   | Place    | Note
-------+----------+-------------------------------------------
     0 | D:1      | BigPumpCobain the Merfolk Shapeshifter began the quest for
                  | the Orb.
     0 | D:1      | Reached XP level 1. HP: 15/15 MP: 1/1
    66 | D:1      | Reached XP level 2. HP: 20/21 MP: 2/2
   601 | D:1      | Reached XP level 3. HP: 27/27 MP: 3/3
   978 | D:2      | Noticed Jessica
   983 | D:2      | Noticed Robin
   987 | D:2      | Killed Jessica
   995 | D:2      | Killed Robin
   996 | D:2      | Reached XP level 4. HP: 32/34 MP: 4/4
  1034 | D:2      | Found a shimmering blue altar of Sif Muna.
  1411 | D:2      | Noticed Sigmund
  1420 | D:2      | Killed Sigmund
  1421 | D:2      | Reached skill level 5 in Shapeshifting
  1421 | D:2      | Reached XP level 5. HP: 12/42 MP: 5/5
  1421 | D:2      | Reached XP level 6. HP: 14/48 MP: 6/6
  1619 | D:3      | You fall into a shaft and drop 3 floors!
  1646 | D:5      | Entered Level 5 of the Dungeon
  1665 | D:5      | Reached skill level 5 in Unarmed Combat
  1745 | D:5      | Reached skill level 6 in Shapeshifting
  1874 | D:5      | Noticed an ice beast
  2018 | D:4      | Reached XP level 7. HP: 36/55 MP: 7/7
  2203 | D:4      | Noticed Pargi
  2221 | D:4      | Killed Pargi
  2262 | D:4      | Reached skill level 5 in Fighting
  2608 | D:5      | Reached skill level 7 in Shapeshifting
  2690 | D:5      | Reached XP level 8. HP: 37/63 MP: 8/8
  3228 | D:6      | Reached skill level 8 in Shapeshifting
  3697 | D:6      | Noticed Eustachio
  3719 | D:6      | Killed Eustachio
  3772 | D:6      | Reached XP level 9. HP: 66/72 MP: 9/9
  3968 | D:6      | Reached skill level 9 in Shapeshifting
  4294 | D:7      | Found Qeteerax's Antique Weapon Boutique.
  4480 | D:7      | Found a staircase to the Ecumenical Temple.
  4487 | Temple   | Entered the Ecumenical Temple
  4510 | Temple   | Became a worshipper of Gozag Ym Sagoz the Greedy
  4842 | D:7      | Noticed a hornet
  4849 | D:7      | Paralysed by a hornet for 3 turns
  4855 | D:7      | Killed a hornet
  4856 | D:7      | Reached skill level 10 in Shapeshifting
  5088 | D:7      | Splashed by a jelly's acid

Illustrated notes

Levels and vault maps discovered:
D:1:      co_arrival_square_in_a_square_in_a_square, layout_loops_corners,
          palyth_stone_intersect, chequers_serial_rivers_micro_d
D:2:      layout_basic, basic_altar, chequers_serial_rivers_large_a,
          minmay_misc_feat_diagonals, uniq_jessica, uniq_robin, uniq_sigmund
D:3:      layout_loops_ring, grunt_decor_fettered, minivault_25
D:4:      layout_basic, chequers_serial_rivers_micro_b, uniq_pargi
D:5:      layout_basic, serial_bayou, serial_bayou_lagoon_b,
          serial_bayou_pond_d, serial_bayou_pond_d, serial_bayou_pond_b
D:6:      layout_basic, uniq_eustachio
D:7:      layout_gridville, minmay_temple_entry_nine_rooms, serial_shops,
          nicolae_shop_waterfront, serial_bayou_pond_b, roderic_roman_lattice
Temple:   mainiacjoe_temple_big_plus

Skill      XL: |  1  2  3  4  5  6  7  8  9 |
---------------+----------------------------+-----
Fighting       | 2 3 4 5 7 8 |  8.7
Unarmed Combat | 4 5 6 7 9 |  9.1
Shapeshifting  | 5 6 7 8 10 | 10.0
Dodging        | |  2.6

Action                     |  1- 3 |  4- 6 |  7- 9 || total
---------------------------+-------+-------+-------++-------
  Melee: Unarmed           |    67 |    87 |   325 ||   479
         Punch             |     1 |     3 |    18 ||    22
  Evoke: Wand              |       |       |     3 ||     3
    Use: Scroll            |       |       |     4 ||     4
         Potion            |       |       |     3 ||     3
   Stab: Sleeping          |     2 |       |     2 ||     4
         Distracted        |       |     1 |       ||     1
 Armour: Animal skin       |    27 |    44 |   161 ||   232
         Storm dragon scal |       |       |    73 ||    73
         Skin              |       |       |    33 ||    33
  Dodge: Dodged            |    39 |    45 |   189 ||   273

Table legend: (Time is in decaauts)
 A = Elapsed time spent in this place.
 B = Non-inter-level travel time spent in this place.
 C = Inter-level travel time spent in this place.
 D = Time resting spent in this place.
 E = Time spent auto-exploring this place.
 F = Levels seen in this place.
 G = Mean time per level.
                   A        B        C        D        E       F      G
               +--------+--------+--------+--------+--------+-----+--------+
         Total |   4996 |   4818 |    178 |    190 |   3610 |   8 |  624.5 |
       Dungeon |   4950 |   4816 |    134 |    190 |   3610 |   7 |  707.1 |
        Temple |     45 |      1 |     44 |      0 |      0 |   1 |   45.0 |
               +--------+--------+--------+--------+--------+-----+--------+

Top non-repeatable levels by time:
     D:7: 1049 daAuts
     D:1: 907 daAuts
     D:6: 836 daAuts
     D:5: 801 daAuts
     D:4: 666 daAuts
     D:2: 630 daAuts
     D:3: 60 daAuts
  Temple: 45 daAuts
